 Dungeon Crawl Stone Soup version 0.31.0-12-g77e489cdc1 (webtiles) character file.

Game seed: 9633709695964089700

112441 riffraff the Peltast (level 16, -12/120 (138) HPs)
             Began as an Armataur Fighter on Feb 18, 2024.
             Was the Champion of Okawaru.
             Mangled by a +7 battleaxe of draining (17 damage)
             ... on level 2 of the Elven Halls on Feb 19, 2024.
             The game lasted 01:21:11 (20343 turns).

riffraff the Peltast (Armataur Fighter)            Turns: 20343, Time: 01:21:12

HP:   -12/120 (138) AC: 27    Str: 26    XL:     16   Next: 11%
MP:   17/17         EV:  6    Int: 13    God:    Okawaru [******]
Gold: 2340          SH: 24    Dex: 16    Spells: 15/15 levels left

rFire   . . .        P - +9 demon whip (venom)
rCold   . . .        G - +5 kite shield
rNeg    . . .        m - +0 shadow dragon scales
rPois   +            k - +0 helmet
rElec   +            E - +2 cloak
rCorr   +            (no gloves)
SInv    +            Q - +0 barding "Owifa" {^Drain +Blink Regen+ Int+5}
Will    ++...        D - amulet of reflection
Stlth   ++++         d - ring of willpower
HPRegen 2.50/turn    y - ring "Qare" {rElec rPois rCorr SInv}
MPRegen 0.81/turn

%: reflection, roll
@: lethally poisoned (-12 -> -12), silenced (expiring), on berserk cooldown,
hasted and slowed, heavily drained
A: large, deformed body, tough skin 3, armoured tail, roll 2, agile 1, poison
resistance, wild magic 1
a: Renounce Religion, Evoke Blink


You were on level 2 of the Elven Halls.
You worshipped Okawaru.
Okawaru was exalted by your worship.
You visited 4 branches of the dungeon, and saw 19 of its levels.
You also visited: Bailey and Volcano.

You collected 3996 gold pieces.
You spent 1656 gold pieces at shops.

Inventory:

Hand Weapons
 r - a +1 mace of holy wrath
 P - a +9 demon whip of venom (weapon)
Missiles
 g - 27 poisoned darts
 v - 55 boomerangs
 I - 4 curare-tipped darts
 K - a throwing net
 N - 20 javelins (quivered)
 R - 7 silver javelins
 S - a dart of dispersal
Armour
 b - the +1 plate armour "Nelenup" {Harm Will+++ Dex+3 Stlth-}
   (You bought it in a shop on level 2 of the Orcish Mines)

   Dex+3:     It affects your dexterity (+3).
   Will+++:   It greatly increases your willpower.
   Harm:      It increases damage dealt and taken.
   Stlth-:    It makes you less stealthy.
 c - a +1 plate armour of cold resistance
 e - a +2 leather armour of poison resistance
 k - a +0 helmet (worn)
 m - +0 shadow dragon scales (worn)
 q - a +2 chain mail of fire resistance
 s - a +0 kite shield of reflection
 E - a +2 cloak (worn)
 G - a +5 kite shield (worn)
 Q - the +0 barding "Owifa" (worn) {^Drain +Blink Regen+ Int+5}
   (Okawaru gifted it to you on level 1 of the Lair of Beasts)

   Int+5:     It affects your intelligence (+5).
   +Blink:    It lets you blink.
   Regen+:    It increases your rate of health regeneration.
   ^Drain:    It drains your maximum health when unequipped.
Jewellery
 d - a ring of willpower (left hand)
 x - a +4 ring of protection
 y - the ring "Qare" (right hand) {rElec rPois rCorr SInv}
   (You bought it in a shop on level 2 of the Orcish Mines)

   [ring of see invisible]

   rElec:     It insulates you from electricity.
   rPois:     It protects you from poison SInv: It lets you see invisible.
   rCorr:     It protects you from acid and corrosion.
 C - a ring of see invisible
 D - an amulet of reflection (around neck)
 J - a +5 ring of evasion
 L - a +4 ring of slaying
 O - a ring of flight
Wands
 a - a wand of digging (7)
 w - a wand of roots (18)
 B - a wand of flame (23)
 M - a wand of polymorph (16)
 U - a wand of light (7)
Scrolls
 f - 2 scrolls of teleportation
 i - 5 scrolls of blinking
 l - 3 scrolls of fear
 u - 4 scrolls of fog
 A - 2 scrolls of identify
 T - 3 scrolls of brand weapon
Potions
 h - 3 potions of attraction
 j - 6 potions of curing
 n - 2 potions of ambrosia
 o - a potion of haste
 p - a potion of resistance
 t - 3 potions of brilliance
 z - a potion of might
 F - a potion of lignification
 H - 5 potions of enlightenment


   Skills:
 + Level 11.4 Fighting
 + Level 14.5 Maces & Flails
 + Level 4.3 Throwing
 + Level 14.1 Armour
 + Level 4.6 Dodging
 + Level 8.6 Stealth
 + Level 17.3 Shields
 + Level 1.7 Invocations
 + Level 1.3 Evocations


You had 15 spell levels left.
You didn't know any spells.
Your spell library contained the following spells:

 Spells                   Type           Power      Damage    Failure   Level
 Magic Dart               Conj           0%         1d3       90%         1
 Blink                    Tloc           0%         N/A       96%         2
 Lesser Beckoning         Tloc           0%         N/A       96%         2
 Momentum Strike          Conj/Tloc      0%         3d8       96%         2
 Searing Ray              Conj           0%         2d4       96%         2
 Sigil of Binding         Hex            0%         N/A       99%         3
 Dimensional Bullseye     Hex/Tloc       0%         N/A       100%        4
 Fulminant Prism          Conj/Alch      0%         3d5       100%        4
 Passage of Golubria      Tloc           0%         N/A       100%        4
 Yara's Violent Unravell  Hex/Alch       0%         3d3       100%        5
 Call Canine Familiar     Summ           Unusable   N/A       N/A         3
 Tukima's Dance           Hex            Unusable   N/A       N/A         3

Dungeon Overview and Level Annotations

Branches:
Dungeon (10/15)            Temple (0/1) D:7            Lair (5/5) D:9
  Swamp (0/4) Lair:2        Snake (0/4) Lair:3        Slime (0/5) Lair:5
    Orc (2/2) D:10            Elf (2/3) Orc:2        Bailey (visited)
Volcano (visited)

Altars:
Cheibriados
Kikubaaqudgha
Okawaru
Trog
Xom

Shops:
Orc:2 [*(=

Annotations:
D:6 2 transporters, kalagan's ghost, novice DECj
Lair:4 exclusion: 4 oklob plants


Innate Abilities, Weirdness & Mutations

Armour fits poorly on your strangely shaped body.
You have extremely tough skin. (AC +3)
You have a long armoured tail.
You regenerate magic and health when rolling toward enemies. (Rampage Regen)
You are agile. (Dex +4, Str/Int -1)
Your system is resistant to poisons. (rPois)
Your spells are a little harder to cast, but a little more powerful.


Message History

The deep elf knight mumbles some strange words.
The deep elf knight seems to speed up.
The +2 glaive of protection hits you but does no damage.
You block the +3 short sword of venom's attack.
The +2 eveningstar of electrocution hits you.
* * * LOW HITPOINT WARNING * * *
The +3 short sword of venom attacks as it pursues you!
You block the +3 short sword of venom's attack.
The +3 short sword of venom hits you.
* * * LOW HITPOINT WARNING * * *
The +2 glaive of protection attacks as it pursues you!
You block the +2 glaive of protection's attack.
The deep elf pyromancer casts a spell.
The deep elf pyromancer blinks!
The +3 short sword of venom hits you.
* * * LOW HITPOINT WARNING * * *
You are poisoned.
You feel very sick. The +3 short sword of venom hits you!
* * * LOW HITPOINT WARNING * * *
The +7 battleaxe of draining hits you.
* * * LOW HITPOINT WARNING * * *
You feel drained.
There is a large open door, spattered with blood here.
You feel sick.
You block the +3 short sword of venom's attack. x2
You feel sick.
The +3 short sword of venom attacks as it pursues you!
You block the +3 short sword of venom's attack.
The +7 battleaxe of draining attacks as it pursues you!
The +7 battleaxe of draining hits you but does no damage.
You feel drained.
You block the +3 short sword of venom's attack.
There is an open translucent gate here.
You feel sick.
The +3 short sword of venom attacks as it pursues you!
You block the +3 short sword of venom's attack.
The +7 battleaxe of draining attacks as it pursues you!
The +7 battleaxe of draining hits you!
You die...

............e## ##.....
..............## ......
..........e....# .....
...^....e..............
....###.(...##...# ..#
...++#'(...## #.## #
#..e##### ## #'((#
#..@# #### ####...####
#..### #.........#
##### ##....###
#....≈....# #...###
.'......###...≈≈≈)..###
#...'..
##<...###....≈≈≈≈≈....#
##.'### #^.###
#...≈≈≈≈≈≈≈...# #)#.##
#### #....≈≈≈≈≈....#
####.# ###...≈≈≈...###
##'


You could see 2 deep elf knights and 3 dancing weapons.

Vanquished Creatures
  Donald (Orc:2)
  A deep elf elementalist (Orc:2)
  An orc warlord (Orc:1)
  2 deep elf annihilators (Elf:1)
  A fire dragon (Lair:5)
  A catoblepas (Lair:5)
  10 dancing weapons
  8 death yaks
  A two-headed ogre (D:6)
  A hell hog (Volcano)
  4 orc high priests
  A skyshark (Lair:3)
  10 deep elf knights
  Nergalle (D:10)
  A fire crab (Volcano)
  Amaemon (Lair:2)
  An orb spider (shapeshifter) (Elf:1)
  A bog body (Lair:2)
  4 deep elf archers
  4 lindwurms
  4 orc knights
  18 deep elf zephyrmancers
  20 deep elf pyromancers
  2 manticores (Lair:5)
  5 orc sorcerers
  3 meliai
  4 kobold blastminers
  5 black mambas
  9 elephants
  2 molten gargoyles (Volcano)
  An orange demon (Lair:2)
  23 cane toads
  8 torpor snails
  An unseen horror (shapeshifter) (Elf:2)
  Maggie (Lair:2)
  7 komodo dragons
  Jeremiah (D:8)
  6 rime drakes
  Psyche (D:8)
  2 unseen horror zombies (D:8)
  3 trolls
  3 polar bears
  A queen bee (Lair:3)
  4 tyrant leeches (Lair:5)
  11 dream sheep
  8 hornets (Lair:5)
  50 blink frogs
  2 slime creatures (Lair:5)
  2 water elementals
  2 shadows
  25 yaks
  The ghost of Pokrew the Ducker, an amateur SpBr (D:5)
  5 wyverns
  3 air elementals
  A warg (Orc:2)
  6 basilisks
  2 fire elementals (Elf:2)
  4 steam dragons
  6 fire bats (Volcano)
  Edmund (D:5)
  3 swamp worms (Lair:3)
  13 water moccasins
  A hell hound (Volcano)
  Duvessa (D:5)
  41 orc warriors
  2 hornet zombies (D:8)
  A sky beast (D:8)
  2 ice beasts
  3 black bears
  11 ogres
  A centaur (D:9)
  12 wolves
  3 kobold brigands
  2 phantoms
  8 bullfrogs
  A necrophage (D:4)
  3 gnoll sergeants
  An earth elemental (Elf:2)
  14 wights
  3 scorpions
  A water moccasin zombie (D:4)
  Dowan (D:5)
  42 killer bees
  An electric eel (Lair:4)
  6 howler monkeys
  3 lava snakes (Volcano)
  A centaur zombie (D:8)
  18 orc priests
  6 jellies
  A hound (D:4)
  A bullfrog zombie (D:4)
  A human zombie (D:4)
  21 orc wizards
  A scorpion zombie (D:4)
  3 sleepcaps
  3 iguanas
  5 hell rats (Lair:4)
  2 killer bee zombies (D:8)
  2 hound zombies (D:4)
  2 howler monkey zombies (D:8)
  Robin (D:3)
  15 gnolls
  6 adders
  3 shadow imps
  2 white imps (D:7)
  10 ufetubi
  3 adder zombies (D:4)
  An adder skeleton (D:4)
  2 ribbon worms
  3 dart slugs
  93 orcs
  8 ball pythons
  11 endoplasms
  2 giant cockroaches
  17 goblins
  10 hobgoblins
  5 jackals
  22 kobolds
  4 quokkas
  6 bats
  4 frilled lizards
  A rat (D:1)
794 creatures vanquished.

Vanquished Creatures (others)
  2 deep elf knights (Elf:1)
  A deep elf pyromancer (Elf:2)
3 creatures vanquished.

Grand Total: 797 creatures vanquished

Notes
Turn   | Place    | Note
-------+----------+-------------------------------------------
     0 | D:1      | riffraff the Armataur Fighter began the quest for the Orb.
     0 | D:1      | Reached XP level 1. HP: 18/18 MP: 1/1
   135 | D:1      | Reached XP level 2. HP: 21/25 MP: 2/2
   970 | D:2      | Reached XP level 3. HP: 29/31 MP: 3/3
  1102 | D:2      | Reached XP level 4. HP: 38/38 MP: 4/4
  1806 | D:3      | Noticed Robin
  1815 | D:3      | Killed Robin
  2042 | D:3      | Reached XP level 5. HP: 45/45 MP: 5/5
  2723 | D:4      | Reached skill level 1 in Dodging
  2723 | D:4      | Reached skill level 1 in Stealth
  2723 | D:4      | Reached skill level 4 in Shields
  2733 | D:4      | Noticed a phantom
  2741 | D:4      | Killed a phantom
  2742 | D:4      | Reached XP level 6. HP: 41/51 MP: 6/6
  2843 | D:4      | Noticed an orc warrior
  2860 | D:4      | Killed an orc warrior
  2861 | D:4      | Reached skill level 5 in Armour
  3138 | D:4      | Gained mutation: You regenerate magic and health when
                  | rolling toward enemies. (Rampage Regen) [Armataur growth]
  3138 | D:4      | Reached XP level 7. HP: 56/57 MP: 7/7
  3209 | D:4      | Found an ancient bone altar of Kikubaaqudgha.
  3215 | D:4      | Reached skill level 5 in Maces & Flails
  3435 | D:4      | Found an iron altar of Okawaru.
  3435 | D:4      | Found a bloodstained altar of Trog.
  3438 | D:4      | Became a worshipper of Warmaster Okawaru
  3555 | D:5      | Entered Level 5 of the Dungeon
  3572 | D:5      | Found a runed translucent door.
  3584 | D:5      | Noticed Pokrew's ghost (amateur SpBr)
  3607 | D:5      | Killed Pokrew's ghost
  3627 | D:5      | Found a runed translucent door.
  4075 | D:5      | Reached * piety under Okawaru
  4076 | D:5      | Reached XP level 8. HP: 30/66 MP: 8/8
  4738 | D:5      | Noticed Dowan
  4739 | D:5      | Noticed Edmund
  4742 | D:5      | Noticed Duvessa
  4771 | D:6      | Gained mutation: Your system is resistant to poisons.
                  | (rPois) [potion of mutation]
  4771 | D:6      | Gained mutation: You are agile. (Dex +4, Str/Int -1)
                  | [potion of mutation]
  4771 | D:6      | Gained mutation: Your spells are a little harder to cast,
                  | but a little more powerful. [potion of mutation]
  4898 | D:5      | Killed Duvessa
  4913 | D:5      | Killed Dowan
  5128 | D:5      | Killed Edmund
  5501 | D:6      | Noticed a two-headed ogre
  5553 | D:6      | Reached skill level 1 in Throwing
  5827 | D:6      | Killed a two-headed ogre
  5827 | D:6      | Reached ** piety under Okawaru
  5827 | D:6      | Reached *** piety under Okawaru
  5828 | D:6      | Reached skill level 5 in Shields
  5828 | D:6      | Reached XP level 9. HP: 45/72 MP: 9/9
  6465 | D:6      | Found a transporter.
  6516 | D:6      | Identified the +1 buckler "Naidgh" {+Inv Regen+ rCorr}
  6533 | D:6      | Noticed kalagan's ghost (novice DECj)
  6557 | D:6      | Found a transporter.
  6689 | D:6      | Identified the amulet "Fask" {Spirit rElec rCorr Int-5
                  | SInv}
  6712 | D:7      | Found a shimmering altar of Xom.
  6789 | D:7      | Found a staircase to the Ecumenical Temple.
  7140 | D:7      | Reached skill level 5 in Fighting
  7155 | D:7      | Reached **** piety under Okawaru
  7273 | D:7      | Found a snail-covered altar of Cheibriados.
  7345 | D:7      | Reached skill level 6 in Shields
  7547 | D:8      | Reached XP level 10. HP: 73/81 MP: 8/10
  8054 | D:8      | Noticed Psyche
  8056 | D:8      | Noticed Jeremiah
  8104 | D:8      | Killed Psyche
  8115 | D:8      | Killed Jeremiah
  8286 | D:8      | Reached skill level 7 in Shields
  8696 | D:9      | Reached ***** piety under Okawaru
  9392 | D:9      | Found a staircase to the Lair.
  9531 | Lair:1   | Entered Level 1 of the Lair of Beasts
  9558 | D:9      | Reached XP level 11. HP: 90/90 MP: 11/11
  9564 | D:9      | Reached skill level 10 in Maces & Flails
  9574 | Lair:1   | Reached skill level 5 in Stealth
  9592 | D:9      | Reached skill level 8 in Shields
  9858 | Lair:1   | Reached ****** piety under Okawaru
  9877 | Lair:1   | Received a gift from Okawaru
 10061 | Lair:1   | Reached skill level 9 in Shields
 10218 | Lair:1   | Acquired a +4 demon whip of venom
 10218 | Lair:1   | Received a gift from Okawaru
 10221 | Lair:1   | Acquired the +0 barding "Owifa" {^Drain +Blink Regen+
                  | Int+5}
 10221 | Lair:1   | Received a gift from Okawaru
 10586 | Lair:1   | Received a gift from Okawaru
 10587 | Lair:1   | Reached skill level 10 in Armour
 10875 | Lair:2   | Noticed a death yak
 10875 | Lair:2   | Noticed a death yak
 10875 | Lair:2   | Noticed a death yak
 10876 | Lair:2   | Noticed a death yak
 10877 | Lair:2   | Noticed a death yak
 10878 | Lair:2   | Noticed a death yak
 10891 | Lair:1   | Killed a death yak
 10915 | Lair:1   | Killed a death yak
 10929 | Lair:1   | Killed a death yak
 10930 | Lair:1   | Reached XP level 12. HP: 46/100 MP: 3/12
 10941 | Lair:1   | Killed a death yak
 10946 | Lair:1   | Killed a death yak
 11046 | Lair:2   | Killed a death yak
 11047 | Lair:2   | Reached skill level 10 in Shields
 11186 | Lair:2   | Found a staircase to the Swamp.
 11209 | Lair:2   | Received a gift from Okawaru
 11612 | Lair:2   | Noticed Amaemon
 11625 | Lair:2   | Killed Amaemon
 11739 | Lair:2   | Noticed Maggie
 11751 | Lair:2   | Killed Maggie
 12127 | Lair:3   | Received a gift from Okawaru
 12248 | Lair:3   | Found a staircase to the Snake Pit.
 12281 | Lair:3   | Reached skill level 11 in Shields
 12503 | Lair:3   | Received a gift from Okawaru
 12504 | Lair:3   | Reached XP level 13. HP: 107/107 MP: 13/13
 13023 | Lair:4   | Identified the +4 great sword of the Immovable Olives
                  | {venom, Int+5}
 13221 | Lair:3   | Reached skill level 12 in Shields
 13282 | Lair:3   | Received a gift from Okawaru
 13797 | Lair:4   | Reached skill level 13 in Shields
 13916 | Lair:4   | Found the +12 glaive of Prune {freeze, Prune}
 13957 | Lair:4   | Received a gift from Okawaru
 14281 | Lair:5   | Entered Level 5 of the Lair of Beasts
 14689 | Lair:5   | Received a gift from Okawaru
 14733 | Lair:5   | Reached XP level 14. HP: 118/118 MP: 14/14
 14743 | Lair:5   | Found a staircase to the Slime Pits.
 14861 | Lair:5   | Identified the +7 shortbow of Haeloah {speed, ^Contam rPois
                  | Int-2 Dex+9}
 14891 | Lair:5   | Reached skill level 14 in Shields
 15043 | Lair:5   | Received a gift from Okawaru
 15512 | Lair:5   | Received a gift from Okawaru
 15611 | Lair:5   | Identified the serpent talisman of Agnosticism {rElec Dex+3
                  | Stlth+}
 15860 | D:10     | Entered Level 10 of the Dungeon
 15860 | D:10     | Noticed Nergalle
 15864 | D:10     | Killed Nergalle
 15938 | D:10     | Found a flagged portal.
 15959 | Bailey   | Entered a bailey
 16334 | D:10     | Found a staircase to the Orcish Mines.
 16353 | D:10     | Reached skill level 10 in Fighting
 16381 | Orc:1    | Entered Level 1 of the Orcish Mines
 16587 | Orc:1    | Reached skill level 15 in Shields
 16673 | Orc:1    | Found a dark tunnel.
 16689 | Volcano  | Entered a volcano
 16947 | Volcano  | Found a radiant altar of Vehumet.
 16963 | Volcano  | Reached skill level 1 in Evocations
 17041 | Volcano  | Received a gift from Okawaru
 17512 | Orc:2    | Entered Level 2 of the Orcish Mines
 17546 | Orc:2    | Found a staircase to the Elven Halls.
 17553 | Orc:2    | Noticed Donald
 17580 | Orc:2    | Killed Donald
 17739 | Orc:2    | Reached XP level 15. HP: 127/127 MP: 15/15
 17746 | Orc:2    | Received a gift from Okawaru
 18199 | Orc:2    | Found Etifrin's Antique Armour Shop.
 18229 | Orc:2    | Found Dakex's General Store.
 18229 | Orc:2    | Found Sasanwim's Jewellery Boutique.
 18231 | Orc:2    | Found Huizess's Antique Weapon Shop.
 18235 | Orc:2    | Bought a slimy plate armour for 924 gold pieces
 18235 | Orc:2    | Identified the +1 plate armour "Nelenup" {Harm Will+++
                  | Dex+3 Stlth-} (You bought it in a shop on level 2 of the
                  | Orcish Mines)
 18255 | Orc:2    | Bought a potion of haste for 150 gold pieces
 18256 | Orc:2    | Bought the ring "Qare" {rElec rPois rCorr SInv} for 582
                  | gold pieces
 18312 | Elf:1    | Entered Level 1 of the Elven Halls
 18324 | Elf:1    | Received a gift from Okawaru
 18380 | Orc:2    | Reached skill level 16 in Shields
 18784 | Elf:1    | Reached skill level 1 in Invocations
 18793 | Elf:1    | Received a gift from Okawaru
 19268 | Elf:1    | Found an ancient bone altar of Kikubaaqudgha.
 19525 | Elf:1    | Received a gift from Okawaru
 19667 | Elf:2    | Paralysed by an air elemental for 1 turns
 19741 | Elf:2    | Reached skill level 17 in Shields
 19790 | Elf:2    | Paralysed by an air elemental for 1 turns
 19990 | Elf:2    | Received a gift from Okawaru
 19991 | Elf:2    | Reached XP level 16. HP: 137/137 MP: 17/17
 20149 | Elf:2    | Found a runed translucent gate.
 20149 | Elf:2    | Found a runed translucent gate.
 20149 | Elf:2    | Found a runed translucent gate.
 20336 | Elf:2    | HP: 5/123 [+2 eveningstar of electrocution (24)]
 20340 | Elf:2    | HP: 2/122 [+3 short sword of venom (10)]
 20343 | Elf:2    | Mangled by a +7 battleaxe of draining

Illustrated notes

Levels and vault maps discovered:
D:1:      ncdulo_smallfort, layout_basic
D:2:      layout_loops_cross, grunt_ministairs_3, item_on_display_a
D:3:      layout_basic, uniq_robin
D:4:      layout_basic, lemuel_mausoleum_altar_kikubaaqudgha,
          gammafunk_temple_overflow_elements
D:5:      layout_layer_cave, ebering_ghost_sewer_f, minmay_misc_feat_roman,
          uniq_edmund, uniq_duvessa
D:6:      layout_loops_ring, gammafunk_ghost_gnarly_gnolls, grunt_potential
D:7:      layout_rooms, mainiacjoe_overflow_tiny_flanked, lemuel_round_altar,
          minmay_temple_entry_steel_oval, grunt_ministairs_5
D:8:      layout_basic, serial_undead, serial_undead_d, serial_undead_b,
          serial_undead_a, serial_undead_e, uniq_jeremiah, uniq_psyche
D:9:      layout_basic, lair_entry_dummy, eino_jars
D:10:     layout_basic, kennysheep_orc_monster_closet_entryway,
          lightli_bailey_entry_fortress, serial_shops, shop,
          ebering_ghost_rock_garden, interstate_on_off, minmay_joined_circles,
          uniq_nergalle, uniq_grum, uniq_joseph, uniq_harold, uniq_maurice
Lair:1:   layout_regular_city
Lair:2:   layout_cave_pods, skrybe_swamp_entry_bodies, uniq_amaemon, uniq_maggie
Lair:3:   layout_loops_ring, dummy_snake_entry, worms_lemuel, lemuel_fruit_tree,
          lemuel_fruit_fields
Lair:4:   hangedman_what_comes_after_a, layout_misc_corridors,
          serial_bayou_ford_a, pond
Lair:5:   hangedman_lair_in_review, layout_regular_city, wormcave,
          minmay_slime_entry_pillars, patterned_corridor
Orc:1:    nicolae_orc_accident_1, layout_caves, nicolae_volcano_entry_two_sided
Orc:2:    st_orc_congregation, layout_caves, uniq_donald
Elf:1:    elf_arrival_002, layout_rooms, basic_altar,
          nicolae_elf_blasts_and_bolts, serial_sigils_hangedman_scratch,
          minivault_19, drop_trap
Elf:2:    elven_hall_of_blades_hangedman_original
          [nicolae_blade_entry_floor_patterns], layout_geoelf_octagon

Skill      XL: |  1  2  3  4  5  6  7  8  9 10 11 12 13 14 15 |
---------------+----------------------------------------------+-----
Armour         | 4 5 7 8 9 10 11 12 13 14 | 14.1
Fighting       | 3 4 5 6 7 8 9 10 11 | 11.4
Maces & Flails | 2 3 4 5 7 8 9 11 12 13 14 | 14.5
Dodging        | 1 2 3 4 |  4.6
Stealth        | 1 2 3 4 5 6 7 8 |  8.6
Shields        | 4 5 6 7 9 11 13 15 17 | 17.3
Throwing       | 1 2 3 4 |  4.3
Evocations     | 1 |  1.3
Invocations    | 1 |  1.7

Action                     |  1- 3 |  4- 6 |  7- 9 | 10-12 | 13-15 | 16-18 || total
---------------------------+-------+-------+-------+-------+-------+-------++-------
  Melee: Flail             |    96 |   201 |   459 |   446 |       |       ||  1202
         Tailslap          |    10 |    19 |    63 |   126 |   235 |     6 ||   459
         Demon whip        |       |       |       |   322 |  1308 |    42 ||  1672
  Throw: Dart              |       |       |    32 |    27 |    11 |       ||    70
         Javelin           |       |       |       |     1 |    18 |       ||    19
 Invoke: Heroism           |       |       |       |     3 |     4 |       ||     7
         Receive Weapon    |       |       |       |     1 |       |       ||     1
         Receive Armour    |       |       |       |     1 |       |       ||     1
         Finesse           |       |       |       |       |     2 |       ||     2
Ability: Evoke Blink       |       |       |       |       |     1 |       ||     1
  Evoke: Wand              |       |       |       |     5 |     3 |       ||     8
    Use: Potion            |       |     1 |     4 |     3 |     3 |     3 ||    14
         Scroll            |       |     5 |     8 |    10 |    12 |     3 ||    38
   Stab: Sleeping          |       |    13 |    11 |    10 |    17 |     2 ||    53
         Distracted        |       |       |     2 |     1 |     6 |       ||     9
 Armour: Scale mail        |    76 |    37 |       |       |       |       ||   113
         Shadow dragon sca |       |   156 |   506 |   497 |   712 |    39 ||  1910
         Plate armour      |       |       |       |       |    28 |       ||    28
  Dodge: Dodged            |    37 |    68 |   160 |   124 |   137 |     3 ||   529
  Block: Buckler           |    23 |    57 |   124 |    36 |       |       ||   240
         Kite shield       |       |       |       |   452 |  1199 |    58 ||  1709
         Reflection        |       |       |       |     1 |    71 |     3 ||    75
